 Dungeon Crawl Stone Soup version 0.31-a0-175-g9f7f995f2b (webtiles) character file.

Game seed: 6040504646140416356

63936 qw the Severer (level 15, -46/96 HPs)
             Began as a Gargoyle Fighter on June 17, 2023.
             Was a Priest of Okawaru.
             Annihilated by an enormous slime creature (54 damage)
             ... on level 13 of the Dungeon.
             The game lasted 00:10:34 (19861 turns).

qw the Severer (Gargoyle Fighter)                  Turns: 19861, Time: 00:10:35

Health: -46/96     AC: 33    Str: 33    XL:     15   Next: 11%
Magic:  21/22      EV: 10    Int:  9    God:    Okawaru [***...]
Gold:   1366       SH: 12    Dex:  7    Spells: 14/14 levels left

rFire   . . .        e - +3 war axe (freeze)
rCold   + . .        A - +0 kite shield {AC+3}
rNeg    + + +        o - +0 plate armour of the Komodo Dragon {*Corrode rC+ SInv}
rPois   inf          C - +2 hat of Conscience {rN++ Dex-2}
rElec   +            (no cloak)
rCorr   .            b - +0 pair of gloves
SInv    +            l - +0 pair of boots
Will    +....        c - amulet of faith Stlth
                     f - +4 ring of slaying {mikee}
HPRegen 0.36/turn    z - +6 ring of strength
MPRegen 0.18/turn

%: corrode self (3%), faith
@: heroic, corroded, flying
A: sickness immunity, AC +11, big wings, negative energy resistance 1,
electricity resistance, torment resistance 1, petrification resistance
a: Renounce Religion, Heroism


You were on level 13 of the Dungeon.
You worshipped Okawaru.
Okawaru was most pleased with you.
You visited 3 branches of the dungeon, and saw 19 of its levels.
You also visited: Gauntlet.

You collected 1366 gold pieces.


Innate Abilities, Weirdness & Mutations

You are immune to sickness and miasma.
Your stone body is resilient. (AC +11)
You are immune to poison.
Your large and strong wings let you fly.
You resist negative energy. (rN+)
You are resistant to electric shocks. (rElec)
You are resistant to unholy torment.
You are immune to petrification.


   Skills:
 - Level 12.0(17.0) Fighting
 - Level 16.0(21.0) Axes
 - Level 4.8(9.8) Throwing
 - Level 11.2(16.2) Armour
 - Level 2.7(7.7) Dodging
 + Level 10.2(15.2) Shields
 - Level 10.0 Invocations


You had 14 spell levels left.
You didn't know any spells.
Your spell library was empty.

Inventory:

Hand Weapons
 e - a +3 war axe of freezing (weapon)
 Y - a +2 war axe of flaming
Missiles
 u - 7 boomerangs
Armour
 b - a +0 pair of gloves (worn)
 i - the +1 pair of gloves of the Sky {rC- Int+5}
   (You acquired it on level 5 of the Dungeon)

   Int:       It affects your intelligence (+5).
   rC:        It makes you vulnerable to cold.
 j - a +2 cloak of stealth
 k - +0 acid dragon scales
 l - a +0 pair of boots (worn)
 o - the +0 plate armour of the Komodo Dragon (worn) {*Corrode rC+ SInv}
   (Okawaru gifted it to you on level 11 of the Dungeon)

   rC:        It protects you from cold.
   SInv:      It lets you see invisible.
   *Corrode:  It may corrode you when you take damage.
 x - a +7 plate armour of ponderousness
 y - a +1 plate armour of cold resistance
 A - a +0 kite shield of protection (worn)
 B - a +0 helmet of see invisible
 C - the +2 hat of Conscience (worn) {rN++ Dex-2}
   (You found it in a Gauntlet)

   Dex:       It affects your dexterity (-2).
   rN:        It greatly protects you from negative energy.
Jewellery
 c - an amulet of faith (around neck)
 f - a +4 ring of slaying (left hand) {mikee}
 w - an amulet of the acrobat
 z - a +6 ring of strength (right hand)
Scrolls
 q - 10 scrolls of identify
Potions
 a - 5 potions of cancellation
 d - 7 potions of might
 g - a potion of haste
 h - a potion of lignification
 m - 4 potions of mutation
 n - 8 potions of curing
 p - 3 potions of attraction
 t - a potion of enlightenment
 v - a potion of resistance

Dungeon Overview and Level Annotations

Branches:
Dungeon (13/15)            Temple (1/1) D:7            Lair (5/5) D:9
  Swamp (0/4) Lair:2       Spider (0/4) Lair:2        Slime (0/5) Lair:4
    Orc (0/2) D:10        Gauntlet (visited)
 Vaults: D:13-14

Altars:
Ashenzari
Cheibriados
Dithmenos
Elyvilon
Fedhas
Gozag
Hepliaklqana
Kikubaaqudgha
Makhleb
Nemelex Xobeh
Okawaru
Qazlal
Ru
Sif Muna
Trog
Uskayaw
Vehumet
Wu Jian
Xom
Yredelemnul
Zin
The Shining One
Jiyva

Shops:
D:3 (

Annotations:
D:2 1 runed translucent door, Crazy Yiuf
D:8 3 runed translucent doors, qw's ghost, novice GrFi
D:10 1 runed translucent door, qw's ghost, novice NaHu
D:11 2 transporters, qw's ghost, journeyman NaHu
D:12 2 transporters, Yklotitu's ghost, journeyman CeHu
Lair:2 2 runed translucent doors, qw's ghost, journeyman GrFi
Lair:3 Gastronok


Message History

The slime creature is heavily wounded.
The javelin pierces through the slime creature.
The slime creature is moderately wounded.
The slime creature hits you but does no damage.
Two slime creatures merge to form a large slime creature.
Enter note:
Enter note:
Enter note:
Enter note: You slice the large slime creature!!
You freeze the large slime creature.
The large slime creature is severely wounded.
You slice the large slime creature!! You freeze the large slime creature.
The large slime creature is almost dead.
You hit the large slime creature. You freeze the large slime creature.
The large slime creature is almost dead.
You block the large slime creature's attack.
Two slime creatures merge to form a very large slime creature.
19855 ||| INVOKING Heroism.
You gain the combat prowess of a mighty hero.
Two slime creatures merge to form an enormous slime creature.
You barely miss the enormous slime creature.
The enormous slime creature is heavily wounded.
The enormous slime creature hits you!!!
Ouch! That really hurt!
Your corrosive artefact corrodes you!
You hit the enormous slime creature. You freeze the enormous slime creature.
The enormous slime creature is heavily wounded.
You hit the enormous slime creature. You freeze the enormous slime creature.
The enormous slime creature is heavily wounded.
You block the enormous slime creature's attack.
You slice the enormous slime creature!! You freeze the enormous slime creature!
The enormous slime creature is severely wounded.
The enormous slime creature hits you!!
You slash the enormous slime creature! You freeze the enormous slime creature.
The enormous slime creature is severely wounded.
You hit the enormous slime creature. You freeze the enormous slime creature.
The enormous slime creature is severely wounded.
The enormous slime creature hits you!!!
Ouch! That really hurt!
You die...

.....#######%####....
.........)...>.#
#.### .#.(.#..[..#..#
#.#.. .......J..#..#
#.#.# #.(...###.#..#
#.#.. ...$..#
#.#..####.### ..(.c.
#.........# ...#J#
#.#..###### ...#@#
###..# .) #.# #..#
#.# #..#
##.######..######
#...............#
####
##.######..####.# ...
#.# #..# #.#
####.######.### #..#
#.# ..
..##......./..## #..#
#.#


You could see an enormous slime creature and a yaktaur.

Vanquished Creatures
  A minotaur (Gauntlet)
  A dire elephant (Lair:5)
  Snorg (Lair:3)
  Josephine (Lair:5)
  4 hydras (Lair:5)
  A yaktaur captain (D:13)
  2 catoblepae
  2 boulder beetles
  3 centaur warriors
  2 two-headed ogres
  6 death yaks
  Sonja (Lair:3)
  3 skysharks
  A fire crab (Gauntlet)
  4 skeletal warriors
  3 lindwurms
  3 manticores
  A moth of wrath (Gauntlet)
  2 elephants (Lair:5)
  Maurice (D:13)
  Joseph (D:7)
  A torpor snail (Lair:5)
  5 black mambas
  Psyche (D:10)
  An unseen horror (shapeshifter) (D:13)
  10 cane toads
  4 rime drakes
  An unseen horror (D:10)
  A yaktaur (D:13)
  3 komodo dragons
  12 polar bears
  4 trolls
  Grinder (D:3)
  A hornet (D:8)
  4 raiju (Lair:5)
  16 blink frogs
  Prince Ribbit (D:5)
  14 dream sheep
  Sigmund (D:3)
  2 centaur simulacra (Gauntlet)
  2 slime creatures (D:13)
  6 wyverns
  A vampire (D:10)
  A shadow (D:11)
  A culicivora (Lair:2)
  7 wraiths
  4 fire bats (Gauntlet)
  28 yaks
  4 basilisks
  4 steam dragons
  4 wargs (Lair:5)
  2 swamp worms (Gauntlet)
  An acid dragon (D:13)
  Duvessa (D:5)
  13 water moccasins
  13 hell hounds (Lair:5)
  3 ice beasts
  9 orc warriors
  13 black bears
  2 ogres
  33 wolves
  8 centaurs
  A phantom (D:6)
  18 bullfrogs
  A kobold brigand (D:6)
  A gnoll sergeant (D:5)
  4 scorpions
  Dowan (D:5)
  8 wights
  A hornet simulacrum (Gauntlet)
  6 killer bees
  4 howler monkeys
  9 electric eels
  3 hounds
  6 jellies
  6 orc priests
  3 gnoll boudas
  4 hell rats (Lair:1)
  18 orc wizards
  2 iguanas (D:5)
  Robin (D:3)
  19 gnolls
  3 adders
  2 shadow imps
  3 white imps (D:9)
  4 ufetubi
  A worm (D:3)
  4 dart slugs
  40 orcs
  6 endoplasms
  5 giant cockroaches
  16 goblins
  9 hobgoblins
  A quokka (D:1)
  10 ball pythons
  5 bats
  3 frilled lizards
  9 kobolds
  2 rats
526 creatures vanquished.

Vanquished Creatures (others)
  A gargoyle (D:10)
  A wyvern (D:9)
2 creatures vanquished.

Grand Total: 528 creatures vanquished

Notes
Turn   | Place    | Note
-------+----------+-------------------------------------------
     0 | D:1      | qw the Gargoyle Fighter began the quest for the Orb.
     0 | D:1      | Reached XP level 1. HP: 14/14 MP: 1/1
     0 | D:1      | 0 ||| qw: Version: 0.3-a-3-g30531e4
     0 | D:1      | 0 ||| qw: Game counter: 409
     0 | D:1      | 0 ||| qw: Always use a shield: true
     0 | D:1      | 0 ||| qw: God list: Okawaru
     0 | D:1      | 0 ||| qw: Allow faded altars: false
     0 | D:1      | 0 ||| qw: Do Orc after D:15 true
     0 | D:1      | 0 ||| qw: Do second Lair branch before Depths: true
     0 | D:1      | 0 ||| qw: Lair rune preference: random
     0 | D:1      | 0 ||| qw: Plans: Normal, Zot:1-4, Slime:5, God:TSO, Crypt,
                  | Tomb, Abyss, Pan, Hells, Win
     0 | D:1      | 0 ||| PLANNING D:1-11
    73 | D:1      | Reached skill level 2 in Axes
   154 | D:1      | Reached XP level 2. HP: 19/19 MP: 2/2
   156 | D:1      | 156 ||| Stepping ~*~*~tactically~*~*~ (hiding).
   176 | D:1      | 176 ||| Stepping ~*~*~tactically~*~*~ (hiding).
   177 | D:1      | 177 ||| Stepping ~*~*~tactically~*~*~ (hiding).
   178 | D:1      | 178 ||| Stepping ~*~*~tactically~*~*~ (hiding).
   227 | D:1      | 227 ||| Stepping ~*~*~tactically~*~*~ (hiding).
   423 | D:1      | Reached skill level 3 in Axes
   443 | D:1      | Reached XP level 3. HP: 21/23 MP: 3/3
   622 | D:1      | 622 ||| Stepping ~*~*~tactically~*~*~ (stealth).
   808 | D:1      | 808 ||| UPGRADING to +0 pair of boots.
   813 | D:1      | 813 ||| READING 2 scrolls labelled YDUOMM LUSOUTS.
   814 | D:1      | 814 ||| READING scroll of brand weapon.
   814 | D:1      | 814 ||| BRANDING +0 war axe of venom.
   815 | D:1      | 815 ||| READING scroll labelled ABLOIT RENEM.
   816 | D:1      | 816 ||| READING scroll labelled IBBIUK LIOFOH.
   817 | D:1      | 817 ||| READING scroll labelled UGEC RUKLOM.
   918 | D:1      | 918 ||| READING scroll labelled LUTZOL JAIC.
   964 | D:2      | 964 ||| Stepping ~*~*~tactically~*~*~ (stealth).
  1296 | D:2      | Found a runed translucent door.
  1297 | D:2      | Noticed Crazy Yiuf
  1678 | D:2      | 1678 ||| UPGRADING to +4 ring of slaying {mikee}.
  1679 | D:2      | 1679 ||| READING scroll labelled YTOCRO EVUA.
  1704 | D:3      | Noticed Grinder
  1710 | D:3      | Killed Grinder
  1711 | D:3      | Reached skill level 5 in Axes
  1711 | D:3      | Reached XP level 4. HP: 13/28 MP: 4/4
  1711 | D:3      | Reached XP level 5. HP: 15/32 MP: 5/5
  1711 | D:3      | Reached XP level 6. HP: 18/37 MP: 6/6
  1796 | D:3      | Found a snail-covered altar of Cheibriados.
  1806 | D:3      | 1806 ||| DROPPING +0 whip.
  1813 | D:3      | 1813 ||| READING scroll of brand weapon.
  1813 | D:3      | 1813 ||| BRANDING +0 war axe of electrocution.
  1945 | D:3      | 1945 ||| Stepping ~*~*~tactically~*~*~ (stealth).
  1950 | D:3      | 1950 ||| Stepping ~*~*~tactically~*~*~ (hiding).
  2065 | D:3      | Noticed Sigmund
  2082 | D:3      | Killed Sigmund
  2083 | D:3      | Reached XP level 7. HP: 20/43 MP: 7/7
  2113 | D:3      | 2113 ||| FLEEEEING.
  2114 | D:3      | 2114 ||| FLEEEEING.
  2118 | D:3      | 2118 ||| FLEEEEING.
  2119 | D:3      | 2119 ||| FLEEEEING.
  2120 | D:3      | 2120 ||| FLEEEEING.
  2121 | D:3      | 2121 ||| STAIRDANCE
  2232 | D:2      | 2232 ||| READING scroll labelled ACEASUISAQ.
  2287 | D:3      | 2287 ||| Stepping ~*~*~tactically~*~*~ (hiding).
  2320 | D:3      | 2320 ||| DROPPING +0 mace.
  2322 | D:3      | 2322 ||| Stepping ~*~*~tactically~*~*~ (stealth).
  2324 | D:3      | 2324 ||| Stepping ~*~*~tactically~*~*~ (stealth).
  2401 | D:3      | Reached skill level 6 in Axes
  2407 | D:3      | Noticed Robin
  2413 | D:3      | Killed Robin
  2424 | D:3      | 2424 ||| Stepping ~*~*~tactically~*~*~ (stealth).
  2428 | D:3      | Found Pixt's Antique Weapon Shoppe.
  2432 | D:3      | 2432 ||| SHOPLISTING brightly glowing mace (208 gold, have
                  | 113).
  2531 | D:3      | You fall into a shaft and drop 2 floors!
  2531 | D:5      | Entered Level 5 of the Dungeon
  2532 | D:5      | 2532 ||| UPGRADING to +0 helmet.
  2537 | D:5      | 2537 ||| UPGRADING to +0 chain mail.
  2547 | D:5      | 2547 ||| DROPPING +0 scale mail.
  2548 | D:5      | 2548 ||| READING scroll labelled DECKEPHOOTIK.
  2548 | D:5      | Identified a scroll of acquirement
  2548 | D:5      | 2548 ||| ACQUIRING +1 pair of gloves of the Sky {rC- Int+5}
  2548 | D:5      | Acquired the +1 pair of gloves of the Sky {rC- Int+5}
  2798 | D:4      | 2798 ||| READING scroll labelled NAINOT WAHI.
  3413 | D:4      | Reached skill level 7 in Axes
  3413 | D:4      | Reached XP level 8. HP: 34/48 MP: 8/8
  3698 | D:4      | 3698 ||| DROPPING +2 hat.
  3699 | D:4      | 3699 ||| READING scroll labelled QIRYOCK WOIMI.
  3700 | D:4      | 3700 ||| READING scroll labelled UCVEYQEOLE.
  3791 | D:5      | Noticed Duvessa
  3791 | D:5      | Noticed Dowan
  3803 | D:5      | Killed Duvessa
  3805 | D:5      | 3805 ||| Stepping ~*~*~tactically~*~*~ (hiding).
  3807 | D:5      | 3807 ||| Stepping ~*~*~tactically~*~*~ (hiding).
  3817 | D:5      | Killed Dowan
  3818 | D:5      | Reached skill level 1 in Throwing
  3906 | D:5      | 3906 ||| Stepping ~*~*~tactically~*~*~ (hiding).
  3912 | D:5      | 3912 ||| Stepping ~*~*~tactically~*~*~ (stealth).
  3966 | D:5      | 3966 ||| STAIRDANCE
  3968 | D:4      | HP: 11/49 [scorpion (5)]
  4105 | D:5      | 4105 ||| STAIRDANCE
  4127 | D:5      | Reached skill level 8 in Axes
  4200 | D:5      | Reached skill level 6 in Fighting
  4209 | D:5      | Noticed Prince Ribbit
  4216 | D:5      | 4216 ||| FLEEEEING.
  4222 | D:5      | Killed Prince Ribbit
  4223 | D:5      | Reached XP level 9. HP: 35/55 MP: 9/9
  4529 | D:5      | 4529 ||| READING scroll labelled VAUCUXAONU.
  4530 | D:5      | 4530 ||| DRINKING 2 fizzy pink potions.
  4531 | D:5      | 4531 ||| READING 3 scrolls of identify.
  4531 | D:5      | 4531 ||| IDENTIFYING blue potion
  4532 | D:5      | 4532 ||| READING 2 scrolls of identify.
  4532 | D:5      | 4532 ||| IDENTIFYING coppery potion
  4533 | D:5      | 4533 ||| DROPPING potion of berserk rage.
  4597 | D:6      | 4597 ||| Stepping ~*~*~tactically~*~*~ (stealth).
  4619 | D:6      | Reached skill level 9 in Axes
  5246 | D:6      | 5246 ||| READING scroll labelled FUVUYS CULLE.
  5247 | D:6      | 5247 ||| DRINKING 2 sedimented dark potions.
  5248 | D:6      | 5248 ||| READING 3 scrolls of identify.
  5248 | D:6      | 5248 ||| IDENTIFYING metallic silvery potion
  5249 | D:6      | 5249 ||| READING 2 scrolls of identify.
  5249 | D:6      | 5249 ||| IDENTIFYING emerald potion
  5250 | D:6      | 5250 ||| DROPPING potion of degeneration.
  5261 | D:7      | Noticed Joseph
  5272 | D:7      | HP: 11/57 [Joseph/+0 quarterstaff (7)]
  5273 | D:7      | 5273 ||| DRINKING potion of heal wounds.
  5274 | D:7      | Killed Joseph
  5496 | D:7      | Found a flagged portal.
  5577 | D:7      | 5577 ||| READING scroll of brand weapon.
  5577 | D:7      | 5577 ||| BRANDING +0 war axe of freezing.
  5592 | D:7      | Found a staircase to the Ecumenical Temple.
  5593 | D:7      | 5593 ||| PLANNING TEMPLE
  5593 | D:7      | 5593 ||| READING 2 scrolls of identify.
  5593 | D:7      | 5593 ||| IDENTIFYING lumpy brown potion
  5608 | Temple   | Entered the Ecumenical Temple
  5676 | Temple   | 5676 ||| PLANNING OKAWARU WORSHIP
  5825 | Temple   | Became a worshipper of Warmaster Okawaru
  5826 | Temple   | 5826 ||| PLANNING D:1-11
  6156 | D:7      | Reached skill level 10 in Axes
  6160 | D:7      | Reached XP level 10. HP: 62/63 MP: 10/10
  6174 | D:7      | Reached * piety under Okawaru
  6287 | D:7      | 6287 ||| INVOKING Heroism.
  6752 | D:8      | 6752 ||| Stepping ~*~*~tactically~*~*~ (hiding).
  6753 | D:8      | 6753 ||| Stepping ~*~*~tactically~*~*~ (hiding).
  6756 | D:8      | 6756 ||| Stepping ~*~*~tactically~*~*~ (hiding).
  6757 | D:8      | 6757 ||| Stepping ~*~*~tactically~*~*~ (hiding).
  7021 | D:8      | Found a runed translucent gate.
  7021 | D:8      | Found a runed translucent gate.
  7021 | D:8      | Found a runed translucent gate.
  7022 | D:8      | Found an opulent altar of Gozag.
  7023 | D:8      | Noticed a tengu warrior
  7023 | D:8      | Noticed a red ugly thing
  7023 | D:8      | Noticed qw's ghost (novice GrFi)
  7024 | D:8      | Noticed a catoblepas
  7038 | D:8      | 7038 ||| FLEEEEING.
  7039 | D:8      | 7039 ||| FLEEEEING.
  7040 | D:8      | 7040 ||| FLEEEEING.
  7041 | D:8      | 7041 ||| FLEEEEING.
  7042 | D:8      | 7042 ||| FLEEEEING.
  7043 | D:8      | 7043 ||| FLEEEEING.
  7044 | D:8      | 7044 ||| FLEEEEING.
  7045 | D:8      | 7045 ||| FLEEEEING.
  7046 | D:8      | 7046 ||| FLEEEEING.
  7047 | D:8      | 7047 ||| FLEEEEING.
  7372 | D:8      | Noticed a centaur warrior
  7401 | D:8      | Reached skill level 1 in Invocations
  7409 | D:8      | 7409 ||| INVOKING Heroism.
  7416 | D:8      | HP: 13/64 [centaur warrior (5)]
  7421 | D:8      | HP: 6/64 [centaur warrior (1)]
  7424 | D:8      | Killed a centaur warrior
  7425 | D:8      | Reached skill level 3 in Invocations
  7661 | D:8      | 7661 ||| Stepping ~*~*~tactically~*~*~ (stealth).
  7670 | D:8      | Reached ** piety under Okawaru
  7681 | D:8      | Reached skill level 11 in Axes
  7762 | D:8      | Identified the staff of poison "Tibun" {Drain rPois rC+ rN+
                  | Int+2}
  7944 | D:8      | 7944 ||| INVOKING Heroism.
  7973 | D:8      | Noticed a two-headed ogre
  7974 | D:8      | Found an ancient bone altar of Kikubaaqudgha.
  7975 | D:8      | 7975 ||| INVOKING Heroism.
  7987 | D:8      | Killed a two-headed ogre
  8056 | D:8      | 8056 ||| UPGRADING to +0 pair of gloves.
  8061 | D:8      | 8061 ||| UPGRADING to +0 plate armour.
  8071 | D:8      | 8071 ||| DROPPING +0 chain mail.
  8072 | D:8      | 8072 ||| READING 4 scrolls of identify.
  8072 | D:8      | 8072 ||| IDENTIFYING murky grey potion
  8073 | D:8      | 8073 ||| READING 3 scrolls of identify.
  8073 | D:8      | 8073 ||| IDENTIFYING purple potion
  8110 | D:9      | 8110 ||| INVOKING Heroism.
  8112 | D:9      | 8112 ||| Stepping ~*~*~tactically~*~*~ (hiding).
  8113 | D:9      | 8113 ||| Stepping ~*~*~tactically~*~*~ (hiding).
  8123 | D:9      | Reached XP level 11. HP: 65/68 MP: 12/14
  8128 | D:9      | 8128 ||| Stepping ~*~*~tactically~*~*~ (cloud).
  8187 | D:9      | 8187 ||| DROPPING +0 flail.
  8191 | D:9      | 8191 ||| Stepping ~*~*~tactically~*~*~ (stealth).
  8192 | D:9      | 8192 ||| Stepping ~*~*~tactically~*~*~ (stealth).
  8233 | D:9      | 8233 ||| INVOKING Heroism.
  8249 | D:9      | 8249 ||| INVOKING Heroism.
  8380 | D:9      | 8380 ||| FLEEEEING.
  8381 | D:9      | 8381 ||| FLEEEEING.
  8382 | D:9      | 8382 ||| FLEEEEING.
  8383 | D:9      | 8383 ||| FLEEEEING.
  8384 | D:9      | 8384 ||| FLEEEEING.
  8385 | D:9      | 8385 ||| FLEEEEING.
  8386 | D:9      | 8386 ||| FLEEEEING.
  8387 | D:9      | 8387 ||| FLEEEEING.
  8388 | D:9      | 8388 ||| FLEEEEING.
  8389 | D:9      | 8389 ||| FLEEEEING.
  8390 | D:9      | 8390 ||| FLEEEEING.
  8425 | D:9      | 8425 ||| FLEEEEING.
  8426 | D:9      | 8426 ||| FLEEEEING.
  8427 | D:9      | 8427 ||| FLEEEEING.
  8428 | D:9      | 8428 ||| FLEEEEING.
  8429 | D:9      | 8429 ||| FLEEEEING.
  8430 | D:9      | 8430 ||| FLEEEEING.
  8431 | D:9      | 8431 ||| FLEEEEING.
  8433 | D:9      | 8433 ||| FLEEEEING.
  8434 | D:9      | 8434 ||| FLEEEEING.
  8435 | D:9      | 8435 ||| FLEEEEING.
  8436 | D:9      | 8436 ||| STAIRDANCE
  8529 | D:9      | 8529 ||| STAIRDANCE
  8531 | D:9      | 8531 ||| STAIRDANCE
  8533 | D:8      | 8533 ||| DRINKING 4 potions of curing.
  8533 | D:8      | 8533 ||| (to cure confusion)
  8643 | D:9      | Reached skill level 9 in Fighting
  8734 | D:9      | 8734 ||| INVOKING Heroism.
  8737 | D:9      | Found a staircase to the Lair.
  8768 | D:9      | 8768 ||| Stepping ~*~*~tactically~*~*~ (water).
  8794 | D:9      | 8794 ||| INVOKING Heroism.
  9215 | D:9      | 9215 ||| PLANNING LAIR
  9215 | D:9      | 9215 ||| READING scroll labelled BIDWOKE ARHEC.
  9253 | Lair:1   | Entered Level 1 of the Lair of Beasts
  9254 | Lair:1   | 9254 ||| INVOKING Heroism.
  9375 | Lair:1   | Reached skill level 12 in Axes
  9379 | Lair:1   | Reached *** piety under Okawaru
  9393 | Lair:1   | 9393 ||| Stepping ~*~*~tactically~*~*~ (stealth).
  9406 | Lair:1   | 9406 ||| INVOKING Heroism.
  9454 | Lair:1   | 9454 ||| INVOKING Heroism.
  9599 | Lair:1   | 9599 ||| INVOKING Heroism.
  9610 | Lair:1   | Reached skill level 9 in Armour
  9634 | Lair:1   | 9634 ||| Stepping ~*~*~tactically~*~*~ (stealth).
  9667 | Lair:1   | 9667 ||| INVOKING Heroism.
  9875 | Lair:1   | Reached skill level 6 in Shields
  9944 | Lair:1   | 9944 ||| INVOKING Heroism.
  9969 | Lair:1   | 9969 ||| INVOKING Heroism.
 10203 | Lair:1   | 10203 ||| DROPPING orb of guile.
 10204 | Lair:1   | 10204 ||| DROPPING ring of magical power.
 10205 | Lair:1   | 10205 ||| READING scroll labelled MOHAYT YNIRE.
 10206 | Lair:1   | 10206 ||| DRINKING 2 viscous silvery potions.
 10207 | Lair:1   | 10207 ||| DRINKING 3 potions of curing.
 10207 | Lair:1   | 10207 ||| (to cure confusion)
 10208 | Lair:1   | 10208 ||| DROPPING potion of ambrosia.
 10259 | Lair:2   | 10259 ||| STAIRDANCE
 10380 | Lair:2   | Received a gift from Okawaru
 10399 | Lair:2   | 10399 ||| INVOKING Heroism.
 10412 | Lair:2   | Reached XP level 12. HP: 77/77 MP: 13/15
 10496 | Lair:2   | Noticed a catoblepas
 10497 | Lair:2   | 10497 ||| INVOKING Heroism.
 10508 | Lair:2   | Killed a catoblepas
 10508 | Lair:2   | Reached **** piety under Okawaru
 10576 | Lair:2   | Found a large runed translucent door.
 10576 | Lair:2   | Found a large runed translucent door.
 10577 | Lair:2   | 10577 ||| INVOKING Heroism.
 10594 | Lair:2   | Reached skill level 13 in Axes
 10596 | Lair:2   | Received a gift from Okawaru
 10666 | Lair:2   | Noticed qw's ghost (journeyman GrFi)
 10700 | Lair:2   | 10700 ||| INVOKING Heroism.
 10711 | Lair:2   | Received a gift from Okawaru
 10800 | Lair:2   | Found a staircase to the Swamp.
 10831 | Lair:2   | Found a hole to the Spider Nest.
 10957 | Lair:2   | 10957 ||| READING scroll labelled NOCKASS GUROHIDI.
 11025 | Lair:3   | 11025 ||| Stepping ~*~*~tactically~*~*~ (stealth).
 11050 | Lair:3   | 11050 ||| Stepping ~*~*~tactically~*~*~ (stealth).
 11143 | Lair:3   | 11143 ||| Stepping ~*~*~tactically~*~*~ (stealth).
 11147 | Lair:3   | 11147 ||| Stepping ~*~*~tactically~*~*~ (stealth).
 11148 | Lair:3   | Noticed Sonja
 11152 | Lair:3   | 11152 ||| Stepping ~*~*~tactically~*~*~ (hiding).
 11160 | Lair:3   | Reached skill level 6 in Invocations
 11161 | Lair:3   | 11161 ||| Stepping ~*~*~tactically~*~*~ (hiding).
 11167 | Lair:3   | 11167 ||| INVOKING Heroism.
 11169 | Lair:3   | Killed Sonja
 11334 | Lair:3   | 11334 ||| Stepping ~*~*~tactically~*~*~ (stealth).
 11384 | Lair:3   | Noticed Snorg
 11385 | Lair:3   | 11385 ||| INVOKING Heroism.
 11393 | Lair:3   | Noticed Gastronok
 11399 | Lair:3   | Killed Snorg
 11400 | Lair:3   | Noticed a catoblepas
 11408 | Lair:3   | HP: 4/77 [Gastronok/the air (18)]
 11409 | Lair:3   | 11409 ||| READING scroll of teleportation.
 11410 | Lair:3   | 11410 ||| DRINKING potion of heal wounds.
 11521 | Lair:3   | 11521 ||| FLEEEEING.
 11522 | Lair:3   | 11522 ||| FLEEEEING.
 11523 | Lair:3   | 11523 ||| FLEEEEING.
 11524 | Lair:3   | 11524 ||| FLEEEEING.
 11525 | Lair:3   | 11525 ||| FLEEEEING.
 11526 | Lair:3   | 11526 ||| FLEEEEING.
 11527 | Lair:3   | 11527 ||| STAIRDANCE
 11770 | Lair:3   | 11770 ||| Stepping ~*~*~tactically~*~*~ (stealth).
 11771 | Lair:3   | 11771 ||| Stepping ~*~*~tactically~*~*~ (stealth).
 11905 | Lair:3   | 11905 ||| READING scroll of enchant weapon.
 11905 | Lair:3   | 11905 ||| ENCHANTING +1 war axe of protection.
 12068 | Lair:3   | 12068 ||| INVOKING Heroism.
 12343 | Lair:3   | 12343 ||| DROPPING +1 hat.
 12367 | Lair:4   | 12367 ||| INVOKING Heroism.
 12368 | Lair:4   | Noticed a death yak
 12369 | Lair:4   | Noticed a skyshark
 12370 | Lair:4   | Noticed a death yak
 12372 | Lair:4   | Noticed a death yak
 12383 | Lair:4   | Killed a skyshark
 12393 | Lair:4   | Killed a death yak
 12395 | Lair:4   | Killed a death yak
 12396 | Lair:4   | Reached XP level 13. HP: 49/82 MP: 17/19
 12396 | Lair:4   | Reached ***** piety under Okawaru
 12497 | Lair:4   | Found a viscous altar of Jiyva.
 12511 | Lair:4   | 12511 ||| Stepping ~*~*~tactically~*~*~ (stealth).
 12550 | Lair:4   | 12550 ||| Stepping ~*~*~tactically~*~*~ (stealth).
 12565 | Lair:4   | Reached skill level 9 in Invocations
 12579 | Lair:4   | 12579 ||| Stepping ~*~*~tactically~*~*~ (stealth).
 12648 | Lair:4   | Reached skill level 14 in Axes
 12740 | Lair:4   | Found a staircase to the Slime Pits.
 12837 | Lair:4   | 12837 ||| Stepping ~*~*~tactically~*~*~ (hiding).
 13334 | Lair:5   | Entered Level 5 of the Lair of Beasts
 13335 | Lair:5   | 13335 ||| INVOKING Heroism.
 13336 | Lair:5   | 13336 ||| INVOKING Finesse.
 13345 | Lair:5   | 13345 ||| SWAPPING to +0 demon whip of venom.
 13355 | Lair:5   | 13355 ||| SWAPPING to +2 war axe of protection.
 13440 | Lair:5   | Received a gift from Okawaru
 13595 | Lair:5   | 13595 ||| Stepping ~*~*~tactically~*~*~ (stealth).
 13596 | Lair:5   | 13596 ||| Stepping ~*~*~tactically~*~*~ (stealth).
 13600 | Lair:5   | 13600 ||| INVOKING Heroism.
 13639 | Lair:5   | 13639 ||| Stepping ~*~*~tactically~*~*~ (hiding).
 13650 | Lair:5   | 13650 ||| INVOKING Heroism.
 13651 | Lair:5   | 13651 ||| INVOKING Finesse.
 13680 | Lair:5   | 13680 ||| Stepping ~*~*~tactically~*~*~ (stealth).
 13682 | Lair:5   | 13682 ||| Stepping ~*~*~tactically~*~*~ (stealth).
 13683 | Lair:5   | 13683 ||| Stepping ~*~*~tactically~*~*~ (stealth).
 13684 | Lair:5   | 13684 ||| Stepping ~*~*~tactically~*~*~ (hiding).
 13685 | Lair:5   | 13685 ||| Stepping ~*~*~tactically~*~*~ (hiding).
 13699 | Lair:5   | Noticed a dire elephant
 13717 | Lair:5   | Killed a dire elephant
 13834 | Lair:5   | 13834 ||| INVOKING Heroism.
 13835 | Lair:5   | 13835 ||| INVOKING Finesse.
 13940 | Lair:5   | 13940 ||| INVOKING Heroism.
 13941 | Lair:5   | 13941 ||| INVOKING Finesse.
 13956 | Lair:5   | Reached skill level 15 in Axes
 14156 | Lair:5   | Gained mutation: Your large and strong wings let you fly.
                  | [Gargoyle growth]
 14156 | Lair:5   | Reached XP level 14. HP: 90/90 MP: 21/21
 14235 | Lair:5   | 14235 ||| Stepping ~*~*~tactically~*~*~ (stealth).
 14250 | Lair:5   | Noticed Josephine
 14251 | Lair:5   | 14251 ||| Stepping ~*~*~tactically~*~*~ (hiding).
 14263 | Lair:5   | 14263 ||| INVOKING Heroism.
 14268 | Lair:5   | Killed Josephine
 14434 | Lair:5   | 14434 ||| INVOKING Heroism.
 14435 | Lair:5   | 14435 ||| INVOKING Finesse.
 14438 | Lair:5   | 14438 ||| SWAPPING to +0 demon whip of venom.
 14449 | Lair:5   | 14449 ||| SWAPPING to +2 war axe of protection.
 14616 | Lair:5   | 14616 ||| FLEEEEING.
 14618 | Lair:5   | 14618 ||| FLEEEEING.
 14619 | Lair:5   | 14619 ||| FLEEEEING.
 14620 | Lair:5   | 14620 ||| Stepping ~*~*~tactically~*~*~ (stealth).
 14662 | Lair:5   | 14662 ||| Stepping ~*~*~tactically~*~*~ (stealth).
 14673 | Lair:5   | 14673 ||| Stepping ~*~*~tactically~*~*~ (hiding).
 14686 | Lair:5   | 14686 ||| INVOKING Heroism.
 14689 | Lair:5   | Reached skill level 12 in Fighting
 14716 | Lair:5   | 14716 ||| Stepping ~*~*~tactically~*~*~ (stealth).
 14735 | Lair:5   | 14735 ||| Stepping ~*~*~tactically~*~*~ (stealth).
 14741 | Lair:5   | 14741 ||| INVOKING Heroism.
 14831 | Lair:5   | 14831 ||| INVOKING Heroism.
 14848 | Lair:5   | Received a gift from Okawaru
 14873 | Lair:5   | 14873 ||| INVOKING Heroism.
 14891 | Lair:5   | 14891 ||| Stepping ~*~*~tactically~*~*~ (hiding).
 14920 | Lair:5   | 14920 ||| INVOKING Heroism.
 14921 | Lair:5   | 14921 ||| INVOKING Finesse.
 14927 | Lair:5   | 14927 ||| Stepping ~*~*~tactically~*~*~ (stealth).
 14928 | Lair:5   | 14928 ||| SWAPPING to +0 demon whip of venom.
 14938 | Lair:5   | 14938 ||| SWAPPING to +2 war axe of protection.
 15020 | Lair:5   | 15020 ||| Stepping ~*~*~tactically~*~*~ (hiding).
 15099 | Lair:5   | 15099 ||| Stepping ~*~*~tactically~*~*~ (hiding).
 15136 | Lair:5   | 15136 ||| Stepping ~*~*~tactically~*~*~ (stealth).
 15150 | Lair:5   | 15150 ||| Stepping ~*~*~tactically~*~*~ (stealth).
 15356 | Lair:5   | 15356 ||| PLANNING D:1-11
 15356 | Lair:5   | 15356 ||| READING 10 scrolls of identify.
 15356 | Lair:5   | 15356 ||| IDENTIFYING inky potion
 15462 | D:10     | Entered Level 10 of the Dungeon
 15532 | D:10     | 15532 ||| Stepping randomly (disturbance).
 15533 | D:10     | 15533 ||| Stepping randomly (disturbance).
 15540 | D:10     | Reached skill level 3 in Throwing
 15550 | D:10     | Found a hide-covered altar of Uskayaw.
 15559 | D:10     | Found a glowing silver altar of Zin.
 15648 | D:10     | Found a runed translucent door.
 15648 | D:10     | Noticed qw's ghost (novice NaHu)
 15660 | D:10     | Noticed Psyche
 15670 | D:10     | Killed Psyche
 15836 | D:10     | 15836 ||| FLEEEEING.
 15837 | D:10     | 15837 ||| FLEEEEING.
 15845 | D:10     | 15845 ||| STAIRDANCE
 15976 | D:10     | 15976 ||| Stepping ~*~*~tactically~*~*~ (hiding).
 15977 | D:10     | 15977 ||| Stepping ~*~*~tactically~*~*~ (hiding).
 15987 | D:10     | 15987 ||| Stepping ~*~*~tactically~*~*~ (hiding).
 15990 | D:10     | 15990 ||| Stepping ~*~*~tactically~*~*~ (hiding).
 16100 | D:10     | 16100 ||| Stepping ~*~*~tactically~*~*~ (hiding).
 16104 | D:10     | 16104 ||| Stepping ~*~*~tactically~*~*~ (hiding).
 16363 | D:10     | 16363 ||| Stepping ~*~*~tactically~*~*~ (hiding).
 16367 | D:10     | 16367 ||| Stepping ~*~*~tactically~*~*~ (hiding).
 16380 | D:10     | 16380 ||| Stepping ~*~*~tactically~*~*~ (hiding).
 16404 | D:10     | 16404 ||| Stepping ~*~*~tactically~*~*~ (hiding).
 16416 | D:10     | 16416 ||| Stepping ~*~*~tactically~*~*~ (stealth).
 16448 | D:10     | Found a staircase to the Orcish Mines.
 16763 | D:10     | 16763 ||| UPGRADING to +1 plate armour of cold resistance.
 16773 | D:10     | 16773 ||| DROPPING +0 plate armour.
 16774 | D:10     | 16774 ||| UPGRADING to amulet of the acrobat.
 16779 | D:10     | 16779 ||| DRINKING 2 pink potions.
 16780 | D:10     | 16780 ||| READING 9 scrolls of identify.
 16780 | D:10     | 16780 ||| IDENTIFYING amethyst potion
 16781 | D:10     | 16781 ||| DROPPING potion of brilliance.
 16838 | D:11     | 16838 ||| PLANNING GAUNTLET
 16943 | D:11     | 16943 ||| INVOKING Heroism.
 16944 | D:11     | 16944 ||| INVOKING Finesse.
 16965 | D:11     | Identified the +0 plate armour of the Komodo Dragon
                  | {*Corrode rC+ SInv} (Okawaru gifted it to you on level 11
                  | of the Dungeon)
 16965 | D:11     | Received a gift from Okawaru
 16968 | D:11     | Reached skill level 16 in Axes
 17013 | D:11     | 17013 ||| READING scroll of brand weapon.
 17013 | D:11     | 17013 ||| BRANDING +2 war axe of protection.
 17014 | D:11     | 17014 ||| SWAPPING to +3 war axe of freezing.
 17015 | D:11     | 17015 ||| DROPPING +0 morningstar.
 17016 | D:11     | 17016 ||| DROPPING +0 demon whip of venom.
 17081 | D:11     | Found a transporter.
 17097 | D:11     | Found a bloodstained altar of Trog.
 17097 | D:11     | Noticed qw's ghost (journeyman NaHu)
 17109 | D:11     | Found a transporter.
 17172 | D:11     | Found a gate leading to a gauntlet.
 17173 | D:11     | 17173 ||| DROPPING +2 hat.
 17174 | D:11     | 17174 ||| UPGRADING to +0 plate armour of the Komodo Dragon
                  | {*Corrode rC+ SInv}.
 17187 | Gauntlet | Entered a Gauntlet
 17187 | Gauntlet | Found a transporter.
 17187 | Gauntlet | Found a transporter.
 17187 | Gauntlet | Found a transporter.
 17196 | Gauntlet | Found a transporter.
 17212 | Gauntlet | Found a transporter.
 17221 | Gauntlet | Found a transporter.
 17233 | Gauntlet | Found a transporter.
 17246 | Gauntlet | Found a transporter.
 17252 | Gauntlet | Found a transporter.
 17266 | Gauntlet | Found a transporter.
 17283 | Gauntlet | Found a transporter.
 17287 | Gauntlet | Found a transporter.
 17367 | Gauntlet | 17367 ||| INVOKING Heroism.
 17475 | Gauntlet | 17475 ||| INVOKING Heroism.
 17531 | Gauntlet | Identified the +5 trident of the Furious {heavy, *Noise
                  | Fragile Str+3 Dex+5}
 17532 | Gauntlet | 17532 ||| Stepping ~*~*~tactically~*~*~ (hiding).
 17536 | Gauntlet | 17536 ||| INVOKING Heroism.
 17537 | Gauntlet | 17537 ||| INVOKING Finesse.
 17668 | Gauntlet | Identified the +2 hat of Conscience {rN++ Dex-2}
 17668 | Gauntlet | Identified the staff of conjuration "Joamp" {rPois Str+3
                  | Int-5}
 17670 | Gauntlet | 17670 ||| DROPPING +0 helmet of see invisible.
 17671 | Gauntlet | 17671 ||| UPGRADING to +0 kite shield of protection.
 17681 | Gauntlet | 17681 ||| DROPPING +0 buckler.
 17682 | Gauntlet | 17682 ||| UPGRADING to +2 hat of Conscience {rN++ Dex-2}.
 17692 | Gauntlet | 17692 ||| DROPPING +0 helmet.
 17693 | Gauntlet | 17693 ||| UPGRADING to +6 ring of strength.
 17697 | D:11     | 17697 ||| PLANNING D:1-11
 18340 | D:11     | 18340 ||| PLANNING D
 18382 | D:12     | Found a transporter.
 18393 | D:12     | Noticed Yklotitu's ghost (journeyman CeHu)
 18406 | D:12     | Found a transporter.
 18717 | D:12     | 18717 ||| Stepping ~*~*~tactically~*~*~ (stealth).
 18722 | D:12     | 18722 ||| INVOKING Heroism.
 18826 | D:12     | 18826 ||| INVOKING Heroism.
 18919 | D:12     | Reached skill level 9 in Shields
 19009 | D:12     | 19009 ||| UPGRADING to amulet of faith.
 19075 | D:13     | Reached XP level 15. HP: 89/96 MP: 22/22
 19267 | D:13     | Noticed Maurice
 19268 | D:13     | 19268 ||| Stepping ~*~*~tactically~*~*~ (hiding).
 19271 | D:13     | 19271 ||| Stepping ~*~*~tactically~*~*~ (hiding).
 19279 | D:13     | Killed Maurice
 19302 | D:13     | 19302 ||| INVOKING Heroism.
 19427 | D:13     | 19427 ||| Stepping ~*~*~tactically~*~*~ (hiding).
 19462 | D:13     | 19462 ||| INVOKING Heroism.
 19467 | D:13     | 19467 ||| READING 2 scrolls of teleportation.
 19470 | D:13     | HP: 16/96 [large slime creature (23)]
 19472 | D:13     | 19472 ||| READING scroll of teleportation.
 19476 | D:13     | Found a blossoming altar of Fedhas.
 19609 | D:13     | 19609 ||| Stepping ~*~*~tactically~*~*~ (stealth).
 19616 | D:13     | 19616 ||| INVOKING Heroism.
 19616 | D:13     | HP: 24/96 [yaktaur captain/bolt (15)]
 19671 | D:13     | 19671 ||| FLEEEEING.
 19672 | D:13     | 19672 ||| INVOKING Heroism.
 19855 | D:13     | 19855 ||| INVOKING Heroism.
 19859 | D:13     | HP: 8/96 [enormous slime creature (32)]
 19861 | D:13     | Annihilated by an enormous slime creature

Levels and vault maps discovered:
D:1:      minmay_arrival_up_and_down, layout_basic
D:2:      layout_basic, minmay_misc_feat_four_crosses, uniq_crazy_yiuf_cottage
D:3:      layout_rooms, mainiacjoe_overflow_alcove_1, serial_shops,
          nicolae_shop_back_alley_shop, uniq_grinder, uniq_robin, uniq_sigmund
D:4:      cheibrodos_old_hovel, layout_basic
D:5:      layout_cave_pools, water_maze_lemuel, uniq_prince_ribbit1,
          uniq_duvessa
D:6:      layout_basic
D:7:      layout_basic, temple_statues, enter_bailey_2, minmay_strange_pillars,
          uniq_joseph
D:8:      minmay_clustersquares, layout_gridville, mainiacjoe_overflow_alcove_2,
          ebering_ghost_gozag, minmay_diced_spiral
D:9:      layout_long_grid, erik_lair_island, serial_ice, serial_ice_c,
          serial_ice_h, serial_ice_e, serial_ice_b, st_stairs_11,
          minmay_misc_feat_room
D:10:     layout_roguey, nicolae_overflow_hidden_temple, david_orc_4,
          serial_bayou, serial_bayou_pond_b, serial_bayou_shore_b,
          serial_bayou_lagoon_a, serial_bayou_lake_a, gammafunk_ghost_grave,
          uniq_psyche
D:11:     layout_irregular_city, gauntlet_entry_generic,
          gammafunk_ghost_wrathful_warriors, minmay_bent
D:12:     layout_irregular_city, gammafunk_ghost_berserking_beasts,
          minmay_orc_keep
D:13:     layout_basic, david_vaults_2, fedhas_ov_isle_minmay, uniq_maurice
Temple:   eino_narrow_crystal_temple
Lair:1:   layout_cave_pods
Lair:2:   layout_hall_layers, swamp_mist, spider_nest_entry_rubble,
          ebering_ghost_disaster_area
Lair:3:   beargit_carnivore_pack, layout_regular_city, uniq_sonja,
          uniq_gastronok
Lair:4:   layout_concentric_octagons, nicolae_slime_entry_field_trip,
          grunt_megastairs_4
Lair:5:   hangedman_lair_caniforms_friends, layout_cave_shapes,
          hangedman_lair_in_review, uniq_josephine

Skill      XL: |  1  2  3  4  5  6  7  8  9 10 11 12 13 14 15 |
---------------+----------------------------------------------+-----
Axes           | 2 3 5 7 8 10 11 12 13 15 16 | 16.0
Fighting       | 4 6 7 8 10 11 12 | 12.0
Dodging        | 2 |  2.7
Throwing       | 1 2 4 |  4.8
Armour         | 4 5 7 9 10 11 | 11.2
Shields        | 4 5 6 7 9 10 | 10.2
Invocations    | 4 8 10 | 10.0

Action                     |  1- 3 |  4- 6 |  7- 9 | 10-12 | 13-15 || total
---------------------------+-------+-------+-------+-------+-------++-------
  Melee: War axe           |    83 |    50 |   228 |   494 |   748 ||  1603
         Demon whip        |       |       |       |       |    27 ||    27
  Throw: Boomerang         |    18 |     3 |    56 |   100 |    86 ||   263
         Javelin           |       |       |       |       |    26 ||    26
 Invoke: Heroism           |       |       |       |    24 |    23 ||    47
         Finesse           |       |       |       |       |     8 ||     8
    Use: Scroll            |     7 |     1 |    13 |     7 |     5 ||    33
         Potion            |       |       |     3 |     4 |     1 ||     8
   Stab: Distracted        |       |       |       |     1 |       ||     1
 Armour: Scale mail        |    34 |    29 |    17 |       |       ||    80
         Chain mail        |       |       |   137 |    87 |       ||   224
         Plate armour      |       |       |       |   284 |   432 ||   716
  Dodge: Dodged            |    43 |    10 |   107 |   172 |   221 ||   553
  Block: Buckler           |    15 |     4 |    38 |   113 |   133 ||   303
         Kite shield       |       |       |       |       |    37 ||    37

Table legend:
 A = Non-vault XP
 B = Vault XP
 C = Vault XP percentage of total XP
 D = Non-vault monster count
 E = Vault monster count
 F = Vault count percentage of total count
                 A         B        C        D         E       F
            +---------+---------+-------+---------+---------+-------
      Total |   46622 |   44716 |  49.0 |     335 |     193 |  36.6
            +---------+---------+-------+---------+---------+-------
        D:1 |      44 |       0 |   0.0 |      23 |       0 |   0.0
        D:2 |      19 |       0 |   0.0 |      12 |       0 |   0.0
        D:3 |     317 |     564 |  64.0 |      34 |      14 |  29.2
        D:4 |     455 |      40 |   8.1 |      20 |       1 |   4.8
        D:5 |     570 |     473 |  45.3 |      14 |       3 |  17.6
        D:6 |     815 |       0 |   0.0 |      16 |       0 |   0.0
        D:7 |    1275 |     460 |  26.5 |      17 |       1 |   5.6
        D:8 |    2025 |    2070 |  50.5 |      19 |      11 |  36.7
        D:9 |    1704 |    1713 |  50.1 |      23 |      17 |  42.5
       D:10 |    3049 |    1639 |  35.0 |      27 |      16 |  37.2
       D:11 |     469 |    2834 |  85.8 |       3 |       5 |  62.5
       D:12 |    3634 |     259 |   6.7 |       6 |       9 |  60.0
       D:13 |    3619 |    1699 |  31.9 |       9 |       3 |  25.0
     Lair:1 |    4778 |       0 |   0.0 |      22 |       0 |   0.0
     Lair:2 |    6592 |     218 |   3.2 |      27 |       1 |   3.6
     Lair:3 |    3956 |    1718 |  30.3 |      18 |       2 |  10.0
     Lair:4 |    3682 |    3837 |  51.0 |      16 |      11 |  40.7
     Lair:5 |    9619 |   22808 |  70.3 |      29 |      83 |  74.1
   Gauntlet |       0 |    4384 | 100.0 |       0 |      16 | 100.0
            +---------+---------+-------+---------+---------+-------
